AoeStats
← Meduusa

Coastal Forest

510496507Analyzed
2v2 RM · 23h ago on Oct 1, 2026· 35m 1s· 4 players
Game mode
Random Map
Map size
Medium (4 player)
Population
200
Speed
Normal
Resources
Standard
Victory
Conquest
Starting age
Dark Age
Ending age
Imperial Age
RankedLock teamsTeams togetherTeam positionsShared explorationLock speedFull tech treeHidden civsTurbo modeCheats
Victory
Defeat
🇫🇮 Persians · Finland
1250
+12
🇫🇮 Mongols · Finland
1238
+13
🇵🇪 Turks · Peru
1184
-14
🇨🇿 Japanese · Czechia
1140
-11
RaskWarrioR
7:10 Loom
9:23 Feudal Age
10:03 Double-Bit Axe
21:37 Scale Barding Armor
22:06 Forging
24:06 Wheelbarrow
29:20 Castle Age
29:15 Bloodlines
direct23
6:18 Loom
6:24 Loom
9:38 Feudal Age
10:23 Man-at-Arms
Meduusa
4:21 Loom
12:32 Feudal Age
13:01 Horse Collar
13:32 Double-Bit Axe
15:07 Scale Barding Armor
20:47 Forging
21:22 Bloodlines
28:32 Castle Age
29:47 Husbandry
Snowdown
1:48 Loom
10:55 Feudal Age
11:40 Double-Bit Axe
17:11 Fletching
17:32 Padded Archer Armor
19:46 Wheelbarrow
22:54 Town Watch
27:17 Castle Age
25:24 Gold Mining
27:28 Crossbowman
28:08 Bodkin Arrow
28:38 Thumb Ring
28:53 Leather Archer Armor
31:19 Bloodlines
31:10 Husbandry
35:25 Hand Cart
35:56 Ballistics
Connection lost

Rejoining the realm…

Still unreachable

The connection could not be restored.

Session expired

The server has moved on; the page needs a fresh start.